 Dungeon Sprint DCSS version 0.27.1-33-g824d729ab1 (webtiles) character file.

Game seed: 8945970221434385660

610 manyhoops the Cleaver (level 7, -2/74 HPs)
             Began as a Minotaur Berserker on Nov 25, 2021.
             Was a Priest of Trog.
             Slain by Sonja the black mamba (8 damage)
             ... in the Dungeon (Sprint I: "Red Sonja").
             The game lasted 00:01:32 (606 turns).

manyhoops the Cleaver (Minotaur Berserker)           Turns: 606, Time: 00:01:33

Health: -2/74      AC:  3    Str: 23    XL:     7   Next: 20%
Magic:  6/6        EV: 13    Int:  4    God:    Trog [***...]
Gold:   297        SH:  0    Dex: 10    Spells: 6/6 levels left

rFire    . . .     SeeInvis .   a - +0 hand axe
rCold    . . .     Faith    .   (no shield)
rNeg     . . .     Spirit   .   k - +0 leather armour
rPois    .         Reflect  .   (helmet restricted)
rElec    .         Harm     .   (no cloak)
rCorr    .         Rampage  .   (no gloves)
Will     .....     NoTele   +   (no boots)
Stlth    +.........             (no amulet)
HPRegen  0.22/turn              (no ring)
MPRegen  0.10/turn              (no ring)

@: lethally poisoned (-2 -> -21), hasted, very quick
A: horns 2, retaliatory headbutt
a: Renounce Religion, Berserk, Trog's Hand


You were in the Dungeon.
You worshipped Trog.
Trog was most pleased with you.
You visited 1 branch You collected 297 gold pieces.

Inventory:

Hand Weapons
 a - a +0 hand axe (weapon)
Armour
 b - a +0 animal skin
 k - a +0 leather armour (worn)
Wands
 i - a wand of polymorph (1)
Scrolls
 h - a scroll of blinking
Potions
 c - a potion of curing
 d - a potion of lignification {unknown}
 f - 2 potions of magic
 g - a potion of berserk rage
 j - a potion of flight {unknown}


   Skills:
 + Level 11.5 Fighting
 + Level 11.7 Axes
 + Level 6.7 Armour
 + Level 6.4 Dodging
 + Level 1.5 Stealth
 + Level 1.5 Unarmed Combat


You had 6 spell levels left.
You didn't know any spells.
Your spell library was empty.

Dungeon Overview and Level Annotations

Branches:
Dungeon (1/1)

Altars:
Cheibriados
Dithmenos
Elyvilon
Fedhas
Gozag
Hepliaklqana
Kikubaaqudgha
Makhleb
Nemelex Xobeh
Okawaru
Qazlal
Ru
Sif Muna
Trog
Uskayaw
Vehumet
Wu Jian
Xom
Yredelemnul
Zin
The Shining One
Jiyva
Lugonu

Shops:
D :

Annotations:
D Sonja


Innate Abilities, Weirdness & Mutations

You have a pair of horns on your head.
You reflexively headbutt those who attack you in melee.


Message History

Aiming: Polymorph
Press: ? - help, Shift-Dir - straight line, f - Sonja
Aim: Sonja, wielding a +0 dagger of distortion and quivering curare-tipped darts (asleep, will become a swamp drake, a black mamba, or a tengu, chance to affect: 54%) Sonja evaporates and reforms as a black mamba!
You feel yourself speed up.
You recover from your berserk rage.
Sonja bites you. Sonja bites you!
You are poisoned.
Sonja poisons you!
You hit Sonja but do no damage. Your headbutt misses Sonja.
You feel sick.
You closely miss Sonja.
You feel sick. Sonja bites you.
You hit Sonja. Your headbutt misses Sonja.
Sonja is lightly wounded.
You feel sick. Sonja bites you!
You slash Sonja! You headbutt Sonja!
Sonja is severely wounded.
You feel sick. Sonja barely misses you.
You hit Sonja but do no damage.
Sonja is severely wounded.
You feel sick. Sonja completely misses you.
You slash Sonja! Your headbutt misses Sonja.
Sonja is almost dead.
You feel sick. Sonja bites you.
You are lethally poisoned!
Sonja poisons you!
You hit Sonja.
Sonja is almost dead.
* * * LOW HITPOINT WARNING * * *
You feel very sick. Sonja bites you!
* * * LOW HITPOINT WARNING * * *
You barely miss Sonja. Your headbutt misses Sonja.
Sonja is almost dead.
* * * LOW HITPOINT WARNING * * *
You feel very sick.
You feel better. Sonja bites you.
* * * LOW HITPOINT WARNING * * *
You are lethally poisoned!
Sonja poisons you! Sonja bites you!
You die...

###################
#<.#..)..#..'..#__#
#..)..#..').#..'..+
#..#####'#####'#__#
#..####..#...#.####
#..#__####..##)#
#..#_____##'#_@+
#⌠⌠#_.∩...†..S_#
####_..__##_.#'#
#_____###'#)#
####### #.### $.$
$)$ ##.## #+#


You could see Sonja the black mamba.

Vanquished Creatures
  A slime creature (D)
  Sigmund (D)
  A yak (D)
  An ogre (D)
  A jelly (D)
  Ijyb (D)
6 creatures vanquished.

Notes
Turn   | Place    | Note
-------+----------+-------------------------------------------
     0 | D        | manyhoops the Minotaur Berserker began the quest for the
                  | Orb.
     0 | D        | Reached XP level 1. HP: 19/19 MP: 0/0
     1 | D        | Noticed Ijyb
     9 | D        | Killed Ijyb
    10 | D        | Reached skill level 5 in Fighting
    10 | D        | Reached skill level 5 in Axes
    10 | D        | Reached XP level 2. HP: 29/29 MP: 1/1
    67 | D        | Noticed an ogre
    70 | D        | Killed an ogre
    71 | D        | Reached XP level 3. HP: 40/40 MP: 2/2
    71 | D        | Reached XP level 4. HP: 48/48 MP: 3/3
   107 | D        | Noticed Sigmund
   132 | D        | Killed Sigmund
   132 | D        | Reached ** piety under Trog
   133 | D        | Reached skill level 5 in Armour
   133 | D        | Reached skill level 5 in Dodging
   133 | D        | Reached skill level 1 in Unarmed Combat
   133 | D        | Reached XP level 5. HP: 16/58 MP: 4/4
   133 | D        | Reached XP level 6. HP: 19/66 MP: 5/5
   378 | D        | Found an ornate altar of the Wu Jian Council.
   378 | D        | Found a shimmering blue altar of Sif Muna.
   380 | D        | Found a radiant altar of Vehumet.
   386 | D        | Reached skill level 10 in Axes
   386 | D        | Reached skill level 1 in Stealth
   481 | D        | Found Rat Gadi's Book Emporium.
   481 | D        | Found an ancient bone altar of Kikubaaqudgha.
   481 | D        | Found a hazy altar of Hepliaklqana.
   481 | D        | Found a hide-covered altar of Uskayaw.
   481 | D        | Found a basalt altar of Yredelemnul.
   481 | D        | Found an opulent altar of Gozag.
   481 | D        | Found a snail-covered altar of Cheibriados.
   481 | D        | Found a sacrificial altar of Ru.
   481 | D        | Found a shadowy altar of Dithmenos.
   481 | D        | Noticed a yak
   487 | D        | Killed a yak
   488 | D        | Reached skill level 10 in Fighting
   488 | D        | Found a stormy altar of Qazlal.
   488 | D        | Found a blossoming altar of Fedhas.
   488 | D        | Found a bloodstained altar of Trog.
   488 | D        | Found an iron altar of Okawaru.
   488 | D        | Found a glowing golden altar of the Shining One.
   488 | D        | Found a glowing silver altar of Zin.
   488 | D        | Found a white marble altar of Elyvilon.
   492 | D        | Found a sparkling altar of Nemelex Xobeh.
   551 | D        | Found a viscous altar of Jiyva.
   551 | D        | Found a corrupted altar of Lugonu.
   551 | D        | Noticed a slime creature
   552 | D        | Found a burning altar of Makhleb.
   552 | D        | Found a shimmering altar of Xom.
   559 | D        | Killed a slime creature
   559 | D        | Reached *** piety under Trog
   560 | D        | Reached XP level 7. HP: 74/74 MP: 6/6
   593 | D        | Noticed Sonja
   594 | D        | Noticed Sonja
   594 | D        | Sonja changed into Sonja the black mamba
   605 | D        | HP: 2/74 [poisoned by Sonja]
   606 | D        | Slain by Sonja the black mamba

Illustrated notes

Levels and vault maps discovered:
D:        dungeon_sprint_1 [red_sonja_temple_1, red_sonja_temple_small_1]

Skill      XL: |  1  2  3  4  5  6 |
---------------+-------------------+-----
Fighting       | 5 7 9 11 | 11.5
Axes           | 5 7 9 11 | 11.7
Armour         | 3 4 5 6 |  6.7
Dodging        | 3 5 6 |  6.4
Unarmed Combat | 1 |  1.5
Stealth        | 1 |  1.5

Action                   |  1- 3 |  4- 6 |  7- 9 || total
-------------------------+-------+-------+-------++-------
Melee: Hand axe          |     7 |    30 |     8 ||    45
       Unarmed           |     2 |       |       ||     2
       Headbutt          |     1 |     8 |     1 ||    10
Invok: Berserk           |     2 |     2 |       ||     4
Evoke: Wand              |       |       |     1 ||     1
  Use: Potion            |       |     1 |     2 ||     3
Armor: Animal skin       |     1 |       |       ||     1
Dodge: Dodged            |     1 |     8 |     2 ||    11
